General information
- name: BNet
- type: Ladder team game (AT/RT)
- host: Battle.net
- saver: BIG.DUMMY
map: Mur'gulOasis
- players: 8
- length: 23:10
- speed: Fast
- version: 1.26 W3XP
- replay type: Public
» download(135 KB)
Players
team 1 (loser)
DCI (
blue | 41 APM | 935 actions | 23:05)
5 Priestess of the Moon
3 Trueshot Aura
2 Searing Arrows
» actions
| Assign group hotkey | 30 | |
| Basic commands | 45 | |
| Build / train | 76 | |
| Enter build submenu | 17 | |
| Enter hero's abilities submenu | 5 | |
| Right click | 387 | |
| Select / deselect | 246 | |
| Select group hotkey | 84 | |
| Use ability | 45 | |
935 total
» units
| Wisp | 19 | |
| Archer | 24 | |
| Hippogryph | 12 | |
55 total
» upgrades
| Strength of the Moon | 2 | |
| Moon Armor | 2 | |
| Improved Bows | 1 | |
| Hippogryph Taming | 1 | |
| Ultravision | 1 | |
| Strength of the Wild | 1 | |
| Reinforced Hides | 1 | |
9 total
» buildings
| Altar of Elders | 1 | |
| Moon Well | 7 | |
| Ancient of War | 1 | |
| Hunter's Hall | 1 | |
| Ancient Protector | 4 | |
| Tree of Ages | 2 | |
| Ancient of Wind | 2 | |
| Ancient of Wonders | 1 | |
| Tree of Life | 1 | |
| Tree of Eternity | 1 | |
21 total
» build order
00:06 Altar of Elders
00:21 Moon Well
00:48 Ancient of War
01:26 Moon Well
01:47 Moon Well
03:10 Hunter's Hall
04:13 Moon Well
04:19 Ancient Protector
05:15 Tree of Ages
06:04 Ancient Protector
06:06 Ancient Protector
07:37 Ancient of Wind
07:38 Ancient of Wind
07:41 Ancient of Wonders
09:35 Tree of Life
13:24 Ancient Protector
16:49 Moon Well
16:50 Moon Well
17:29 Tree of Ages
19:32 Moon Well
20:09 Tree of Eternity
» items

»
Ranl)om (
teal | 34 APM | 795 actions | 23:05)
5 Death Knight
3 Death Coil
1 Unholy Aura
1 Death Pact
3 Dreadlord
2 Sleep
1 Vampiric Aura
» actions
| Assign group hotkey | 16 | |
| Build / train | 56 | |
| Enter build submenu | 22 | |
| Enter hero's abilities submenu | 8 | |
| Right click | 276 | |
| Select / deselect | 214 | |
| Select group hotkey | 148 | |
| Use ability | 55 | |
795 total
» units
| Acolyte | 7 | |
| Ghoul | 4 | |
| Crypt Fiend | 5 | |
| Frost Wyrm | 10 | |
26 total
» upgrades
| Web | 1 | |
| Creature Attack | 2 | |
| Creature Carapace | 1 | |
| Freezing Breath | 1 | |
5 total
» buildings
| Ziggurat | 14 | |
| Altar of Darkness | 1 | |
| Crypt | 1 | |
| Graveyard | 1 | |
| Tomb of Relics | 1 | |
| Nerubian Tower | 1 | |
| Halls of the Dead | 1 | |
| Black Citadel | 1 | |
| Sacrificial Pit | 1 | |
| Boneyard | 4 | |
| Spirit Tower | 3 | |
29 total
» build order
00:04 Ziggurat
00:06 Altar of Darkness
00:12 Crypt
01:09 Graveyard
02:10 Tomb of Relics
02:36 Ziggurat
03:09 Ziggurat
04:24 Nerubian Tower
04:29 Halls of the Dead
06:10 Ziggurat
07:12 Black Citadel
07:17 Sacrificial Pit
09:42 Boneyard
10:00 Boneyard
11:45 Ziggurat
13:34 Ziggurat
13:41 Ziggurat
13:42 Ziggurat
13:43 Ziggurat
14:26 Boneyard
14:33 Boneyard
19:47 Spirit Tower
19:50 Ziggurat
19:52 Ziggurat
19:54 Ziggurat
19:57 Ziggurat
20:05 Ziggurat
20:58 Spirit Tower
21:49 Spirit Tower
» items
| Rod of Necromancy | 1 | |
| Dust of Appearance | 1 | |
| Scroll of Town Portal | 3 | |
| Periapt of Vitality | 2 | |
| Scroll of Healing | 1 | |
8 total
lawren. (
purple | 31 APM | 708 actions | 23:03)
4 Keeper of the Grove
2 Entangling Roots
2 Thorns Aura
» actions
| Build / train | 69 | |
| Enter build submenu | 23 | |
| Enter hero's abilities submenu | 5 | |
| Right click | 289 | |
| Select / deselect | 252 | |
| Use ability | 70 | |
708 total
» units
| Wisp | 18 | |
| Archer | 2 | |
| Huntress | 3 | |
| Giant Sea Turtle | 1 | |
| Makrura Snapper | 1 | |
| Druid of the Claw | 15 | |
| Dryad | 12 | |
52 total
» upgrades
| Ultravision | 1 | |
| Strength of the Wild | 2 | |
| Reinforced Hides | 2 | |
| Druid of the Claw Training | 2 | |
| Mark of the Claw | 1 | |
| Abolish Magic | 1 | |
9 total
» buildings
| Moon Well | 6 | |
| Altar of Elders | 1 | |
| Ancient of War | 1 | |
| Hunter's Hall | 1 | |
| Ancient Protector | 4 | |
| Tree of Ages | 1 | |
| Ancient of Lore | 2 | |
| Tree of Eternity | 1 | |
| Tree of Life | 1 | |
18 total
» build order
00:13 Moon Well
00:17 Altar of Elders
00:52 Ancient of War
01:45 Moon Well
02:29 Hunter's Hall
02:56 Moon Well
03:36 Ancient Protector
04:42 Tree of Ages
07:01 Moon Well
07:11 Ancient of Lore
07:26 Tree of Eternity
07:34 Ancient of Lore
08:17 Moon Well
14:14 Ancient Protector
14:16 Ancient Protector
14:26 Ancient Protector
15:27 Moon Well
20:23 Tree of Life
» items
gbpfan4life (
red | 20 APM | 455 actions | 23:08)
4 Death Knight
2 Death Coil
2 Unholy Aura
2 Dreadlord
1 Vampiric Aura
1 Sleep
» actions
| Assign group hotkey | 11 | |
| Build / train | 48 | |
| Enter build submenu | 15 | |
| Enter hero's abilities submenu | 6 | |
| Give item / drop item | 1 | |
| Remove unit from queue | 5 | |
| Right click | 124 | |
| Select / deselect | 148 | |
| Select group hotkey | 70 | |
| Use ability | 26 | |
455 total
» units
| Acolyte | 2 | |
| Ghoul | 2 | |
| Crypt Fiend | 12 | |
| Abomination | 3 | |
19 total
» upgrades
| Web | 1 | |
| Disease Cloud | 1 | |
| Creature Attack | 1 | |
| Creature Carapace | 1 | |
| Unholy Strength | 1 | |
| Unholy Armor | 1 | |
6 total
» buildings
| Graveyard | 1 | |
| Altar of Darkness | 1 | |
| Crypt | 1 | |
| Ziggurat | 7 | |
| Tomb of Relics | 1 | |
| Halls of the Dead | 2 | |
| Spirit Tower | 5 | |
| Black Citadel | 2 | |
| Slaughterhouse | 2 | |
| Necropolis | 1 | |
23 total
» build order
00:14 Graveyard
00:19 Altar of Darkness
00:42 Crypt
00:59 Ziggurat
01:15 Tomb of Relics
01:39 Ziggurat
03:33 Halls of the Dead
04:18 Ziggurat
04:22 Spirit Tower
06:04 Black Citadel
06:12 Slaughterhouse
06:57 Ziggurat
08:13 Slaughterhouse
08:16 Spirit Tower
08:25 Ziggurat
08:34 Spirit Tower
11:54 Ziggurat
12:05 Ziggurat
12:15 Spirit Tower
13:31 Necropolis
14:42 Spirit Tower
15:21 Halls of the Dead
17:44 Black Citadel
» items
| Potion of Healing | 1 | |
| Rod of Necromancy | 1 | |
2 total
team 2 (winner)

»
ToWEL-WiPEs- (
orange | 70 APM | 1610 actions | 23:09)
6 Paladin
2 Holy Light
2 Divine Shield
1 Devotion Aura
1 Resurrection
3 Mountain King
2 Storm Bolt
1 Bash
» actions
| Assign group hotkey | 35 | |
| Build / train | 68 | |
| Enter build submenu | 26 | |
| Enter hero's abilities submenu | 9 | |
| Give item / drop item | 1 | |
| Right click | 559 | |
| Select / deselect | 357 | |
| Select group hotkey | 490 | |
| Use ability | 65 | |
1610 total
» units
| Peasant | 12 | |
| Rifleman | 11 | |
| Priest | 4 | |
| Knight | 7 | |
34 total
» upgrades
| Gunpowder | 1 | |
| Armor | 1 | |
| Lumber Harvesting | 1 | |
| Priest Training | 2 | |
| Long Rifles | 1 | |
| Swords | 1 | |
| Plating | 1 | |
| Animal War Training | 1 | |
9 total
» buildings
| Altar of Kings | 1 | |
| Farm | 13 | |
| Blacksmith | 1 | |
| Barracks | 2 | |
| Scout Tower | 4 | |
| Arcane Tower | 1 | |
| Lumber Mill | 1 | |
| Guard Tower | 3 | |
| Keep | 1 | |
| Arcane Vault | 1 | |
| Arcane Sanctum | 1 | |
| Castle | 1 | |
30 total
» build order
00:08 Altar of Kings
00:26 Farm
01:08 Blacksmith
01:29 Barracks
01:41 Farm
02:02 Scout Tower
02:16 Farm
02:30 Scout Tower
02:31 Arcane Tower
02:51 Lumber Mill
02:57 Farm
03:10 Farm
03:14 Farm
03:30 Farm
03:54 Guard Tower
04:34 Keep
04:45 Scout Tower
05:28 Guard Tower
05:33 Farm
06:20 Arcane Vault
06:22 Scout Tower
06:52 Guard Tower
06:54 Farm
07:07 Barracks
07:12 Arcane Sanctum
07:38 Farm
09:28 Castle
09:38 Farm
14:16 Farm
15:15 Farm
» items
| Scroll of Regeneration | 1 | |
| Scroll of Town Portal | 4 | |
5 total
BIG.DUMMY (
green | 65 APM | 1500 actions | 23:10)
7 Tauren Chieftain
3 Shockwave
3 Endurance Aura
1 Reincarnation
» actions
| Assign group hotkey | 32 | |
| Basic commands | 15 | |
| Build / train | 67 | |
| Enter build submenu | 12 | |
| Enter hero's abilities submenu | 7 | |
| Give item / drop item | 2 | |
| Right click | 628 | |
| Select / deselect | 217 | |
| Select group hotkey | 431 | |
| Use ability | 89 | |
1500 total
» units
| Peon | 8 | |
| Grunt | 2 | |
| Demolisher | 9 | |
| Gryphon Rider | 3 | |
22 total
» upgrades
| Ranged Weapons | 3 | |
| Armor | 3 | |
| Burning Oil | 1 | |
| Reinforced Defenses | 1 | |
| Masonry | 1 | |
| Animal War Training | 1 | |
10 total
» buildings
| Altar of Storms | 1 | |
| Orc Burrow | 4 | |
| Barracks | 2 | |
| Voodoo Lounge | 1 | |
| Stronghold | 3 | |
| War Mill | 1 | |
| Fortress | 1 | |
| Farm | 5 | |
| Gryphon Aviary | 2 | |
20 total
» build order
00:08 Altar of Storms
00:20 Orc Burrow
00:37 Barracks
01:27 Orc Burrow
01:56 Voodoo Lounge
02:57 Stronghold
03:19 Barracks
03:47 War Mill
04:07 Orc Burrow
04:36 Orc Burrow
09:29 Fortress
20:40 Farm
20:40 Farm
20:41 Farm
20:41 Farm
20:41 Farm
21:03 Gryphon Aviary
21:05 Gryphon Aviary
» items
| Healing Salve | 3 | |
| Potion of Lesser Invulnerability | 1 | |
| Scroll of Speed | 4 | |
| Potion of Healing | 2 | |
| Scroll of Town Portal | 6 | |
| Lesser Clarity Potion | 1 | |
| Orb of Lightning | 1 | |
| Scroll of Healing | 1 | |
| Scroll of Regeneration | 1 | |
20 total
BL00DBATH (
yellow | 51 APM | 1173 actions | 23:09)
6 Death Knight
3 Death Coil
2 Unholy Aura
1 Animate Dead
5 Lich
2 Frost Nova
2 Frost Armor
1 Death and Decay
» actions
| Assign group hotkey | 35 | |
| Basic commands | 8 | |
| Build / train | 62 | |
| ESC pressed | 4 | |
| Enter build submenu | 25 | |
| Enter hero's abilities submenu | 11 | |
| Give item / drop item | 2 | |
| Right click | 379 | |
| Select / deselect | 247 | |
| Select group hotkey | 350 | |
| Use ability | 50 | |
1173 total
» units
| Acolyte | 12 | |
| Ghoul | 4 | |
| Crypt Fiend | 10 | |
| Frost Wyrm | 4 | |
| Obsidian Statue | 2 | |
| Gryphon Rider | 1 | |
33 total
» upgrades
| Creature Attack | 3 | |
| Creature Carapace | 3 | |
| Web | 1 | |
| Masonry | 1 | |
| Freezing Breath | 1 | |
9 total
» buildings
| Crypt | 1 | |
| Graveyard | 1 | |
| Ziggurat | 9 | |
| Altar of Darkness | 1 | |
| Tomb of Relics | 1 | |
| Halls of the Dead | 1 | |
| Black Citadel | 1 | |
| Sacrificial Pit | 1 | |
| Boneyard | 3 | |
| Slaughterhouse | 1 | |
20 total
» build order
00:15 Crypt
00:24 Graveyard
00:43 Ziggurat
01:09 Altar of Darkness
01:59 Ziggurat
02:25 Tomb of Relics
02:30 Ziggurat
04:43 Halls of the Dead
06:42 Ziggurat
06:45 Ziggurat
07:25 Black Citadel
07:29 Sacrificial Pit
10:04 Boneyard
10:10 Boneyard
10:12 Boneyard
10:18 Ziggurat
10:19 Ziggurat
10:23 Ziggurat
13:58 Ziggurat
14:36 Slaughterhouse
» items
| Rod of Necromancy | 1 | |
| Boots of Speed | 1 | |
2 total
6DaSuFfeR6 (
pink | 26 APM | 459 actions | 17:48)
4 Mountain King
2 Storm Bolt
2 Bash
» actions
| Build / train | 62 | |
| Enter build submenu | 19 | |
| Enter hero's abilities submenu | 4 | |
| Remove unit from queue | 3 | |
| Right click | 155 | |
| Select / deselect | 182 | |
| Use ability | 34 | |
459 total
» units
| Peasant | 9 | |
| Footman | 9 | |
| Rifleman | 6 | |
| Gryphon Rider | 8 | |
| Knight | 4 | |
36 total
» upgrades
| Swords | 2 | |
| Defend | 1 | |
| Plating | 1 | |
| Gunpowder | 2 | |
| Armor | 1 | |
| Masonry | 2 | |
| Long Rifles | 1 | |
| Lumber Harvesting | 2 | |
| Storm Hammers | 1 | |
13 total
» buildings
| Altar of Kings | 1 | |
| Barracks | 1 | |
| Farm | 9 | |
| Blacksmith | 1 | |
| Lumber Mill | 1 | |
| Scout Tower | 2 | |
| Arcane Tower | 2 | |
| Keep | 1 | |
| Castle | 1 | |
| Gryphon Aviary | 1 | |
20 total
» build order
00:08 Altar of Kings
00:11 Barracks
00:15 Farm
01:04 Farm
01:42 Farm
02:13 Blacksmith
03:18 Farm
03:26 Lumber Mill
03:54 Farm
04:03 Scout Tower
04:37 Arcane Tower
04:48 Farm
05:40 Keep
05:50 Farm
07:53 Farm
08:11 Castle
09:46 Gryphon Aviary
11:42 Farm
12:39 Scout Tower
14:22 Arcane Tower
Chat log
(00:38 / Allies) BL00DBATH: yo
(00:42 / Allies) 6DaSuFfeR6: sup
(00:43 / Allies) ToWEL-WiPEs-: yo big dick
(00:52 / Allies) BL00DBATH: thnx
(01:00 / Allies) ToWEL-WiPEs-: no prob
(01:02 / Allies) BL00DBATH: just gotta now how to use it
(01:41 / Allies) BL00DBATH: we countering or split rushing?
(07:45 / Allies) BIG.DUMMY: im gonna hall one of their bases i need u guy sto distract
(07:58 / Allies) ToWEL-WiPEs-: yellwo
(08:10 / Allies) BL00DBATH: hey pink
(08:12 / Allies) BL00DBATH: take 2 guys off mine
(08:39 / Allies) BL00DBATH: b
(09:04 / Allies) BIG.DUMMY: got blue shall
(09:14 / Allies) BL00DBATH: go
(09:14 / Allies) BL00DBATH: go
(10:15 / Allies) ToWEL-WiPEs-: wtf
(10:31 / Allies) BIG.DUMMY: what go ddammit? i took out blues hall and kille dpurples army
(10:38 / Allies) ToWEL-WiPEs-: k
(10:46 / Allies) BIG.DUMMY: pink
(10:46 / Allies) BIG.DUMMY: come
(10:48 / Allies) BIG.DUMMY: distract them
(10:51 / Allies) BIG.DUMMY: that is ur job
(10:58 / Allies) 6DaSuFfeR6: ok
(11:02 / Allies) BL00DBATH: pink
(11:04 / Allies) BIG.DUMMY: actually
(11:07 / Allies) BIG.DUMMY: come lets go to orange
(11:08 / Allies) BL00DBATH: can you share control?
(11:19 / Allies) BL00DBATH: i promise i wont touch your units
(11:22 / Allies) BL00DBATH: gonna fix your workers
(11:30 / Allies) BIG.DUMMY: meet
(11:33 / Allies) BIG.DUMMY: im taking reds hall out
(11:49 / Allies) BIG.DUMMY: go red
(12:09 / Allies) BIG.DUMMY: go orange
(12:10 / Allies) BIG.DUMMY: u first
(12:20 / Allies) BIG.DUMMY: dont go on follow...
(13:04 / Allies) BIG.DUMMY: tp out
(13:27 / Allies) BL00DBATH: we got no melee
(13:28 / Allies) BL00DBATH: pink
(13:32 / Allies) ToWEL-WiPEs-: im gouin knights
(13:33 / Allies) BL00DBATH: plese get 2 baracks
(13:37 / Allies) BL00DBATH: with lots of knights
(13:42 / Allies) ToWEL-WiPEs-: i do
(14:16 / Allies) BL00DBATH: lol funny green
(15:10 / Allies) BIG.DUMMY: u guys are so useless
(15:12 / Allies) BIG.DUMMY: im getting zeor help from u
(15:18 / Allies) BIG.DUMMY: dont stay in ur base
(15:28 / Allies) BIG.DUMMY: why ar eu running
(16:53 / Allies) BL00DBATH: i am gona get fucked
(18:00 / All) BIG.DUMMY: what a useless team i take our 2 halls and they stay in their base and cower
(18:17 / All) gbpfan4life: cry about it bitch
(21:15 / Allies) BIG.DUMMY: next base morons quit hitting useless stuff